Unix NetHack Version 5.0.0-0 post-release - last build May 10 2026 23:12:36 (d1fa5d53e341ca933230fdaa984d921c805b60aa,branch:main).

Game began 2026-05-13 20:57:29, ended 2026-05-13 21:29:37.

BeardyHaddock, neutral male gnomish Archeologist

                                                               --------
                                                              #-.....<|
                     ---                          ---         #|...(..|
          #          |.                            .|      ####+......|
          @          |.-                          -.|       ## --------
    ------r-----      .|(                (        |.|       ##
    |......`....# #  |.|                          |.+      ##
    |........>.|#### |.|.    [               ---+--.|      #
    |..........-###  |..-      %%            |......|      #
    |....S....)|    #|.|       %$            |.----.|     ##
    |...........###%#..|                  -- -%-..|.|   ###
    ------------# # #|.| $              [ . ...|..|.|   #
                     |.|   .|            -.---|---|.|   #
                     |.|----.-----+-     +.| $.|..|.|   #
                     |.|...|.{|....|     |!|(((|..|.|   #
                     |.+...|.......|  ----(|(((|..|.|#  #            [
                     |.-----+--.-------.{..------|-..####
                     |..............................|#
                     --------------------------------

BeardyHaddock the Investigator  St:12 Dx:8 Co:12 In:17 Wi:14 Ch:9  Neutral
Dlvl:7  $:360 HP:0(37) Pw:33(33) AC:9  Xp:6 T:3938 

Latest messages:
 The monkey stole a scroll of create monster.
 The monkey tries to run away with your scroll of create monster.
 What do you want to write with? [- agxzINOW or ?*] -
 You write in the dust with your fingertip.
 What do you want to write in the dust here? Elbereth
 The monkey turns to flee.
 The giant beetle turns to flee.
 The monkey turns to flee.
 The rabid rat turns to flee.
 The rabid rat bites!
 The rabid rat bites!
 You hit the iguana.
 Something is written here in the dust.
 You read: "Elberetn".
 Are you waiting to get hit?  Use 'm' prefix to force a no-op (to rest).
 What do you want to read? [ikpvGV or ?*] ?
 As you read the scroll, it disappears.
 What type of monster do you want to genocide? giant beetle
 Wiped out all giant beetles.
 You hit the water nymph!
 The water nymph stole a tripe ration.
 The water nymph vanishes!
 You hit the iguana.
 The iguana bites!
 You hit the iguana!
 You knock the iguana back with a powerful strike!
 The iguana bumps into a rabid rat.
 You kill the iguana!
 You hit the monkey!
 The monkey hits!
 The monkey stole a sling.
 The monkey tries to run away with your sling.
 You kill the monkey!
 V - a scroll of create monster (2 in total).
 x - a sling.
 The rabid rat bites!
 You miss the rabid rat.
 The rabid rat bites!
 You hit the rabid rat.
 You knock the rabid rat backward with a forceful strike!
 Are you waiting to get hit?  Use 'm' prefix to force a no-op (to rest).
 You hit the rabid rat!
 The rabid rat bites!
 You die...
 Do you want your possessions identified? [ynq] (y) y
 Do you want to see your attributes? [ynq] (y) n
 Do you want an account of creatures vanquished? [ynaq] (y) n
 Do you want a list of species genocided? [ynq] (y) n
 Do you want to see your conduct and achievements? [ynq] (y) n
 Do you want to see the dungeon overview? [ynq] (y) q

Inventory:
 Coins    ('$')
  $ - 360 gold pieces
 Amulets  ('"')
  L - an uncursed amulet of ESP
 Weapons  (')')
  x - a +0 sling
  I - 5 +0 darts
  a - a +2 bullwhip
 Armor    ('[')
  c - an uncursed +0 fedora
  s - an uncursed +0 orcish helm
  b - an uncursed +0 leather jacket (being worn)
 Comestibles  ('%')
  S - an uncursed partly eaten cram ration
  M - an uncursed cream pie
  d - 3 uncursed food rations
  C - an uncursed fortune cookie
  j - an uncursed sprig of wolfsbane
  m - an uncursed homemade tin of jackal meat
 Scrolls  ('?')
  V - 2 uncursed scrolls of create monster
  v - a blessed scroll of enchant weapon
  k - an uncursed scroll of enchant weapon
  p - a cursed scroll of enchant weapon
  G - a blessed scroll of scare monster
 Potions  ('!')
  P - 2 uncursed potions of healing
 Rings    ('=')
  N - a cursed ring of conflict
  O - an uncursed ring of polymorph control
 Tools    ('(')
  h - an empty uncursed sack
  e - a +0 pick-axe (weapon in right hand)
  r - an uncursed skeleton key
  f - a tinning kit (0:79)
 Gems/Stones  ('*')
  W - an uncursed worthless piece of yellowish brown glass
  g - an uncursed touchstone
  z - 5 uncursed rocks

BeardyHaddock the Archeologist's attributes:

Background:
 You were an Investigator, a level 6 male gnomish Archeologist.
 You were neutral, on a mission for Camaxtli
 who was opposed by Quetzalcoatl (lawful) and Huhetotl (chaotic).
 You were right-handed.
 You were in the Gnomish Mines, on level 7.
 You entered the dungeon 3938 turns ago.
 You had 375 experience points, 265 more were needed to attain level 7.

Basics:
 You had 0 out of 37 hit points.
 You had all 33 energy points (spell power).
 Your armor class was 9.
 Your wallet contained 360 zorkmids.
 Autopickup was off.

Final Characteristics:
 Your strength was 12 (limit:18/50).
 Your dexterity was 8 (peak:10, limit:18).
 Your constitution was 12 (limit:18).
 Your intelligence was 17 (limit:19).
 Your wisdom was 14 (peak:16, limit:18).
 Your charisma was 9 (limit:18).

Final Status:
 You weren't hungry.
 You were unencumbered.
 You were wielding a pick-axe.
 You were skilled in pick-axe.

Final Attributes:
 You were piously aligned.
 You were telepathic.
 You had automatic searching.
 You had infravision.
 You were stealthy.
 You are dead.

Miscellaneous:
 You didn't encounter any bones levels.
 Total elapsed playing time was 32 minutes and 8 seconds.

Major events:
 Turn
    1: BeardyHaddock the neutral male gnomish Archeologist entered the dungeon
  929: attained the rank of Field Worker (level 3)
 2093: entered the Gnomish Mines
 3711: reached Mine Town
 3783: attained the rank of Investigator (level 6)
 3924: performed his first genocide (giant beetles)
 3938: killed by a rabid rat

Spells:
 Name                 Level Category     Fail Retention
 healing                1   healing        0%  76%-100%

Skills:
 Fighting Skills
   bare handed combat [Unskilled]
   two weapon combat  [Unskilled]
   riding             [Unskilled]
 Weapon Skills
   dagger             [Unskilled]
   knife              [Unskilled]
   pick-axe           [Skilled]
   short sword        [Unskilled]
   saber              [Unskilled]
   club               [Unskilled]
   quarterstaff       [Unskilled]
   sling              [Unskilled]
   dart               [Unskilled]
   boomerang          [Unskilled]
   whip               [Basic]
   unicorn horn       [Unskilled]
 Spellcasting Skills
   attack spells      [Unskilled]
   healing spells     [Unskilled]
   divination spells  [Unskilled]
   matter spells      [Unskilled]

Voluntary challenges:
 Character rerolling was not enabled.
 You genocided 1 type of monster.
 You never polymorphed an object.
 You never changed form.
 You used no wishes.
Achievements:
 You attained the rank of Field Worker.
 You entered a shop.
 You entered the Gnomish Mines.
 You entered Minetown.
 You attained the rank of Investigator.

 The Dungeons of Doom: levels 1 to 4
    Level 1:
    Level 2:
       A fountain.
    Level 3:
       A general store.
    Level 4:
       A fountain.
       Stairs down to The Gnomish Mines.
 The Gnomish Mines: levels 5 to 7
    Level 5:
    Level 6:
    Level 7: <- You were here.
       A fountain, a sink.
       Final resting place for
          you, killed by a rabid rat.


Vanquished creatures:
  a large dog
  2 giant beetles
  a wolf
  a human zombie
 an imp
  a mountain nymph
  2 rock moles
  2 yellow lights
  a violet fungus
  a gnome leader
  a ghoul
  a straw golem
  a floating eye
  2 dwarves
  2 kobold leaders
  a giant bat
  2 monkeys
  2 orc zombies
  a wererat
  a werejackal
  8 iguanas
  a gas spore
  3 hobbits
  2 large kobolds
  a hobgoblin
  a giant rat
  2 cave spiders
  a yellow mold
  3 gnomes
  3 garter snakes
  3 geckos
  7 jackals
  a fox
  a kobold
  a goblin
  2 sewer rats
  6 grid bugs
  a bat
  9 lichens
  a kobold zombie
  9 newts
93 creatures vanquished.

Genocided species:
 giant beetles
1 species genocided.

Game over:
                       ----------
                      /          \
                     /    REST    \
                    /      IN      \
                   /     PEACE      \
                  /                  \
                  |  BeardyHaddock   |
                  |      360 Au      |
                  |   killed by a    |
                  |    rabid rat     |
                  |                  |
                  |                  |
                  |       2026       |
                 *|     *  *  *      | *
        _________)/\\_//(\/(/\)/\//\/|_)_______

Goodbye BeardyHaddock the Archeologist...

You died in The Gnomish Mines on dungeon level 7 with 2154 points,
and 360 pieces of gold, after 3938 moves.
You were level 6 with a maximum of 37 hit points when you died.

